Map: Coda LE

Players

Dagdahn

  • Race: Zerg Zerg
  • League: Silver
  • Spawn Location: 11:00

A.I. 1 (Very Easy) - Winner!

  • Race: Zerg Zerg
  • Spawn Location: 5:00

VOD

Have the link to the VOD?

Description

Time

  • Played on: Jan. 1, 2025, 3:48 p.m.
  • Length: 5:37
Show
View Real Time Build Order
Export as new Build Order

Dagdahn Zerg 

Build Orders: Hatch First 

Get SALT Encoding   

  12  0:02  Drone  
  13  0:13  Overlord  
  13  0:18  Drone  
  14  0:32  Drone x2  
  16  0:36  Drone  
  17  0:53  Hatchery  
  16  0:57  Drone  
  16  1:01  Extractor  
  16  1:02  Drone  
  17  1:18  Spawning Pool  
  17  1:22  Drone  
  17  1:23  Drone  
  18  1:31  Drone  
  19  1:40  Overlord  
  19  1:52  Drone  
  20  2:06  Queen x2  
  24  2:11  Drone x2  
  24  2:14  Zergling x2  
  27  2:17  Zergling x2  
  27  2:22  Evolution Chamber  
  27  2:24  Metabolic Boost  
  27  2:27  Zergling x2  
  28  2:30  Drone  
  29  2:42  Queen  
  29  2:44  Drone  
  32  2:48  Drone  
  33  2:52  Overlord  
  34  2:58  Drone  
  34  3:00  Overlord  
  34  3:05  Drone  
  35  3:07  Drone  
  36  3:13  Roach Warren  
  36  3:16  Drone  
  36  3:19  Drone  
  37  3:24  Drone  
  37  3:26  Drone  
  37  3:27  Drone  
  40  3:28  Drone  
  40  3:30  Drone  
  40  3:33  Drone  
  43  3:35  Drone  
  43  3:40  Drone  
  45  3:52  Overlord  
  45  3:54  Drone  
  46  3:57  Extractor, Hatchery  
  46  3:59  Extractor  
  46  4:02  Lair  
  43  4:04  Overlord  
  43  4:25  Drone x2, Extractor  
  43  4:28  Drone x3  
  43  4:31  Drone  
  48  4:41  Drone, Overlord  
  48  4:42  Drone x3  
  48  4:44  Roach x3  
  58  4:52  Roach  
  60  5:07  Roach x3  
  64  5:08  Roach  
  64  5:09  Roach x2  
  72  5:15  Drone  
  72  5:16  Roach  
Show
View Real Time Build Order
Export as new Build Order

A.I. 1 (Very Easy) Zerg - Winner!

Build Orders: Pool Only 

Get SALT Encoding   

  12  0:01  Drone  
  13  0:12  Overlord  
  13  0:17  Drone  
  14  0:36  Spawning Pool  
  14  0:38  Extractor  
  14  0:40  Drone  
  13  0:48  Drone  
  14  0:54  Overlord  
  14  1:23  Zergling x2  
  14  1:25  Queen  
  17  1:37  Extractor, Roach Warren  
  15  1:42  Drone  
  16  1:49  Drone  
  16  1:51  Zergling x2  
  18  2:07  Drone  
  19  2:16  Drone  
  19  2:20  Zergling x2  
  21  2:25  Drone  
  22  2:33  Overlord  
  22  2:39  Drone  
  23  2:46  Drone  
  23  2:48  Roach  
  26  2:53  Drone  
Tags
 
League
Silver
Matchup
ZvZ
Race
Zerg
Spawn Locations
Cross Positions
Add a new tag
Caveats
  • Supply blocks, unpowered buildings, or Contaminate may cause inaccurate times.
  • Supply counts are checked every 10 seconds.